 Dungeon Crawl Stone Soup version 0.29.1-1-gd02db6906a (webtiles) character file.

Game seed: 17226065911289431510

7534 Snagg the Ruffian (level 10, -6/92 HPs)
             Began as a Troll Gladiator on Sept 25, 2022.
             Was an Initiate of Gozag.
             Mangled by a troll (7 damage)
             ... on level 11 of the Dungeon.
             The game lasted 00:55:43 (9723 turns).

Snagg the Ruffian (Troll Gladiator)                 Turns: 9723, Time: 00:55:43

Health: -6/92      AC:  9    Str: 26    XL:     10   Next: 96%
Magic:  0/12       EV: 11    Int: 22    God:    Gozag
Gold:   1953       SH:  0    Dex: 11    Spells: 4/13 levels left

rFire   . . .      SeeInvis .   q - +3 quarterstaff (spect)
rCold   . . .      Faith    .   (shield currently unavailable)
rNeg    . . .      Spirit   +   o - +1 robe of Wonder {Drain rPois Int+4}
rPois   +          Reflect  .   b - +1 hat
rElec   .          Harm     .   y - +2 cloak
rCorr   .          Rampage  .   (gloves unavailable)
Will    .....                   (boots unavailable)
Stlth   ++........              r - amulet of guardian spirit
HPRegen 1.05/turn               e - +6 ring of intelligence
MPRegen 0.13/turn               p - +6 ring of intelligence

@: gold aura
A: large, unfitting armour, claws 3, regeneration 1, shaggy fur 1, tough skin 1
a: Renounce Religion, Potion Petition, Call Merchant, Bribe Branch


You were on level 11 of the Dungeon.
You worshipped Gozag.
Gozag was most pleased with you.
You visited 2 branches of the dungeon, and saw 12 of its levels.
You also visited: Ossuary.

You collected 2008 gold pieces.
You paid 55 gold pieces to Gozag.

Inventory:

Hand Weapons
 q - a +3 spectral quarterstaff (weapon)
 D - a +0 giant spiked club
 K - a +0 giant club of protection
 N - a +0 great sword
Missiles
 w - a curare-tipped dart
 A - 7 boomerangs (quivered)
 J - 15 poisoned darts
 O - 2 throwing nets
Armour
 a - a +0 robe
 b - a +1 hat (worn)
 o - the +1 robe of Wonder (worn) {Drain rPois Int+4}
   (You found it on level 5 of the Dungeon)

   Int:       It affects your intelligence (+4).
   rPois:     It protects you from poison.
   Drain:     It drains your maximum health when unequipped.
 y - a +2 cloak (worn)
Jewellery
 e - a +6 ring of intelligence (left claw)
 k - a +4 ring of protection
 p - a +6 ring of intelligence (right claw)
 r - an amulet of guardian spirit (around neck)
 x - a +4 ring of evasion
 E - an amulet of magic regeneration
 F - a ring of protection from fire
 I - a ring of see invisible
 L - a ring of poison resistance
Wands
 d - a wand of flame (8)
 n - a wand of mindburst (4)
 M - a wand of quicksilver (7)
Scrolls
 i - a scroll of enchant armour
 m - 2 scrolls of vulnerability
 v - a scroll of magic mapping
 G - 4 scrolls of amnesia
 P - 3 scrolls of butterflies
Potions
 c - a potion of magic {unknown}
 f - a potion of haste {unknown}
 g - 4 potions of cancellation {unknown}
 h - a potion of ambrosia {unknown}
 j - 2 potions of flight
 l - a potion of resistance {unknown}
 s - a potion of invisibility {unknown}
 t - 6 potions of curing {unknown}
 u - a potion of attraction {unknown}
 z - a potion of mutation {unknown}
 H - 3 potions of lignification {unknown}
 Q - a potion of might {unknown}


   Skills:
 * Level 4.0 Fighting
 * Level 3.5 Axes
 * Level 5.4 Staves
 * Level 4.7 Throwing
 * Level 3.5 Armour
 * Level 5.2 Dodging
 * Level 2.4 Stealth
 * Level 6.3 Unarmed Combat
 * Level 2.3 Spellcasting
 * Level 1.7 Hexes
 * Level 2.4 Summonings
 * Level 2.4 Transmutations
 * Level 2.2 Poison Magic
 * Level 2.5 Evocations


You had 4 spell levels left.
You knew the following spells:

 Your Spells              Type           Power      Damage    Failure   Level
a - Spider Form           Tmut/Pois      12%        N/A       16%         3
b - Wereblood             Tmut           13%        N/A       8%          2
c - Summon Small Mammal   Summ           52%        N/A       4%          1
d - Summon Guardian Gole  Hex/Summ       11%        N/A       17%         3

Your spell library contained the following spells:

 Spells                   Type           Power      Damage    Failure   Level
 Beastly Appendage        Tmut           26%        N/A       4%          1
 Call Canine Familiar     Summ           13%        N/A       14%         3
 Petrify                  Tmut/Erth      7%         N/A       63%         4
 Metabolic Englaciation   Hex/Ice        3%         N/A       95%         5
 Statue Form              Tmut/Erth      4%         N/A       100%        6
 Orb of Destruction       Conj           1%         9d5       100%        7
 Spellforged Servitor     Conj/Summ      3%         N/A       100%        7


Dungeon Overview and Level Annotations

Branches:
Dungeon (11/15)            Temple (1/1) D:4         Ossuary (visited)
   Lair: D:8-11         Orc: D:9-12

Altars:
Ashenzari
Cheibriados
Dithmenos
Elyvilon
Fedhas
Gozag
Hepliaklqana
Kikubaaqudgha
Makhleb
Nemelex Xobeh
Okawaru
Qazlal
Ru
Sif Muna
Trog
Uskayaw
Vehumet
Wu Jian
Xom
Yredelemnul
Zin
The Shining One

Shops:
D:7 (

Annotations:
D:11 Josephine


Innate Abilities, Weirdness & Mutations

You are too large for most types of armour.
You have claws for hands.
Your natural rate of healing is unusually fast.
You are covered in fur. (AC +1)
You have tough skin. (AC +1)


Message History

Your butterfly is poisoned.
The komodo dragon bites you.
* * * LOW HITPOINT WARNING * * *
The troll bites your +2 spectral quarterstaff!
Your spectral weapon shares its damage with you!
* * * LOW HITPOINT WARNING * * *
The troll closely misses your +2 spectral quarterstaff.
The troll claws your +2 spectral quarterstaff!
Your spectral weapon shares its damage with you!
* * * LOW HITPOINT WARNING * * *
Your butterfly is engulfed in poison gas.
Your butterfly looks even sicker.
You kill your butterfly!
Your butterfly disappears in a burst of colours!
You barely miss the komodo dragon.
The komodo dragon is severely wounded.
Your +2 spectral quarterstaff hits the komodo dragon!
The komodo dragon barely misses you.
The cyclops is engulfed in poison gas.
The cyclops is poisoned.
You sock the komodo dragon!
You kill the komodo dragon!
As you read the scroll labelled UGHEOM PODIKHLU, it crumbles to dust.
It is a scroll of enchant weapon.
Your +2 spectral quarterstaff glows red for a moment.
The vampire mosquito buzzes angrily.
The troll bites you but does no damage. The troll claws you.
* * * LOW HITPOINT WARNING * * *
The troll completely misses you.
A vampire mosquito comes into view.
The cyclops is distracted by your dazzling golden aura.
You closely miss the troll.
Your +3 spectral quarterstaff hits the troll!
A vampire mosquito comes into view.
The troll bites you!
* * * LOW HITPOINT WARNING * * *
The troll claws you.
* * * LOW HITPOINT WARNING * * *
The troll claws you!
You die...
Your body crumbles into a pile of gold.

u.# #....# Wc
#§○§○# ##Q####
##§..##
....... #§C○§#
.......
#§.☼○##
#######
#☼☼.§.#
#☼§§$§##
##☼§T§○○##
#§☼§(@☼§☼##.
#☼§☼§§§§☼§☼§.
#§§§§.§§§☼#§.
#####
#§y○§☼§.§§§○.
....#
#§§§.§§§○§§☼.
###..
.☼○☼§○§§§☼##☼.
.§§§§§§§§§## .
.yy........#
...........#


You could see a cyclops (unaware, poisoned), a troll, 3 vampire mosquitoes and a
friendly +3 spectral quarterstaff (summoned).

Vanquished Creatures
  2 two-headed ogres
  A rust devil (D:10)
  A gargoyle (D:11)
  A komodo dragon (D:11)
  Grinder (D:5)
  Sigmund (D:5)
  2 wyverns
  A shadow (D:9)
  Eustachio (D:5)
  Menkaure (D:6)
  Edmund (D:4)
  An ice beast (D:7)
  4 black bears
  An ogre (D:6)
  A sky beast (D:8)
  6 centaurs
  2 elf zombies (Ossuary)
  2 kobold brigands
  Blork the orc (D:4)
  A bullfrog (D:7)
  2 necrophages
  2 gnoll sergeants
  4 scorpions
  7 wights
  16 killer bees
  A howler monkey (D:9)
  2 electric eels (D:8)
  6 centaur zombies (Ossuary)
  5 hounds
  Crazy Yiuf (D:2)
  2 gnoll boudas
  4 human zombies (Ossuary)
  2 orc priests (D:4)
  2 iguanas (D:7)
  A hound skeleton (D:3)
  3 mummies (Ossuary)
  16 gnolls
  8 adders
  3 shadow imps
  8 white imps
  An ufetubus (D:4)
  An adder zombie (D:3)
  2 worms
  2 dart slugs
  17 orcs
  9 ball pythons
  8 endoplasms
  2 giant cockroaches
  14 goblins
  15 hobgoblins
  10 jackals (D:2)
  3 quokkas
  2 ball python skeletons (D:3)
  9 bats
  5 frilled lizards
  17 kobolds
  4 rats
248 creatures vanquished.

Vanquished Creatures (others)
  A human (D:5)
  3 demonic plants (D:6)
  A fungus (D:2)
  7 plants
  A withered plant (D:3)
13 creatures vanquished.

Grand Total: 261 creatures vanquished

Notes
Turn   | Place    | Note
-------+----------+-------------------------------------------
     0 | D:1      | Snagg the Troll Gladiator began the quest for the Orb.
     0 | D:1      | Reached XP level 1. HP: 19/19 MP: 0/0
    26 | D:1      | Reached XP level 2. HP: 27/27 MP: 1/1
    71 | D:1      | Found a faded altar of an unknown god.
   266 | D:4      | Found a staircase to the Ecumenical Temple.
   276 | Temple   | Entered the Ecumenical Temple
   417 | Temple   | Became a worshipper of Gozag Ym Sagoz the Greedy
   472 | D:4      | Reached XP level 3. HP: 31/35 MP: 2/2
   712 | D:4      | Noticed a black bear
   722 | D:4      | Killed a black bear
   723 | D:4      | Reached skill level 4 in Unarmed Combat
   723 | D:4      | Reached XP level 4. HP: 42/42 MP: 3/3
   771 | D:4      | Noticed Blork the orc
   782 | D:4      | Killed Blork the orc
   783 | D:4      | Reached skill level 1 in Armour
   783 | D:4      | Reached XP level 5. HP: 49/49 MP: 4/4
  1014 | D:4      | Noticed Edmund
  1023 | D:4      | Killed Edmund
  1024 | D:4      | Reached XP level 6. HP: 33/57 MP: 5/5
  1026 | D:4      | Reached skill level 1 in Stealth
  1026 | D:4      | Reached skill level 5 in Unarmed Combat
  1346 | D:4      | Reached skill level 1 in Axes
  1661 | D:3      | Learned a level 3 spell: Spider Form
  1664 | D:3      | Learned a level 2 spell: Wereblood
  1979 | D:3      | Identified the +0 robe of the Jolly Violins {Regen+}
  2362 | D:2      | Reached XP level 7. HP: 66/66 MP: 6/6
  2593 | D:2      | Found a runed translucent door.
  2594 | D:2      | Noticed Crazy Yiuf
  2602 | D:2      | Killed Crazy Yiuf
  3825 | D:5      | Entered Level 5 of the Dungeon
  3831 | D:5      | Reached skill level 1 in Staves
  3915 | D:5      | Identified the +1 robe of Wonder {Drain rPois Int+4}
  3940 | D:5      | Found a sand-covered staircase.
  3945 | Ossuary  | Entered an ossuary
  3958 | Ossuary  | Learned a level 1 spell: Summon Small Mammal
  4096 | Ossuary  | Reached XP level 8. HP: 71/74 MP: 7/7
  4224 | D:5      | Noticed Sigmund
  4232 | D:5      | Killed Sigmund
  4233 | D:5      | Reached skill level 1 in Transmutations
  4233 | D:5      | Reached skill level 1 in Poison Magic
  4233 | D:5      | Reached skill level 1 in Evocations
  4289 | D:5      | Found a white marble altar of Elyvilon.
  4301 | D:5      | Reached skill level 1 in Spellcasting
  4357 | D:5      | Noticed Eustachio
  4387 | D:5      | Killed Eustachio
  4481 | D:5      | Found an ancient bone altar of Kikubaaqudgha.
  4541 | D:5      | Found a sacrificial altar of Ru.
  4558 | D:5      | Reached skill level 1 in Summonings
  4569 | D:5      | Noticed Grinder
  4578 | D:5      | Killed Grinder
  4579 | D:5      | Reached XP level 9. HP: 77/81 MP: 9/9
  4886 | D:6      | Found a hazy altar of Hepliaklqana.
  5180 | D:6      | Learned a level 3 spell: Summon Guardian Golem
  5947 | D:6      | Noticed Menkaure
  5951 | D:6      | Killed Menkaure
  6097 | D:7      | Found Bomuren's Weapon Boutique.
  6162 | D:7      | Found a broken altar of Ashenzari.
  7077 | D:8      | Found an iron altar of Okawaru.
  7410 | D:8      | Found an ornate altar of the Wu Jian Council.
  7621 | D:8      | Found a glowing golden altar of the Shining One.
  7853 | D:8      | Found a sparkling altar of Nemelex Xobeh.
  7972 | D:9      | Reached XP level 10. HP: 73/91 MP: 8/11
  7974 | D:9      | Reached skill level 1 in Hexes
  7997 | D:9      | Found a shadowy altar of Dithmenos.
  8641 | D:10     | Entered Level 10 of the Dungeon
  8696 | D:10     | Reached skill level 6 in Unarmed Combat
  8819 | D:10     | Reached skill level 5 in Dodging
  8890 | D:10     | Noticed a two-headed ogre
  8903 | D:10     | Killed a two-headed ogre
  9102 | D:10     | Noticed a rust devil
  9103 | D:10     | Found a burning altar of Makhleb.
  9130 | D:10     | Killed a rust devil
  9131 | D:10     | Reached skill level 5 in Staves
  9254 | D:10     | Found a blossoming altar of Fedhas.
  9505 | D:10     | Found a radiant altar of Vehumet.
  9578 | D:11     | Noticed a two-headed ogre
  9592 | D:11     | Killed a two-headed ogre
  9606 | D:11     | Noticed a gargoyle
  9621 | D:11     | Killed a gargoyle
  9687 | D:11     | Noticed a centaur warrior
  9687 | D:11     | Noticed a purple ugly thing
  9689 | D:11     | Noticed a tengu warrior
  9689 | D:11     | Noticed Josephine
  9690 | D:11     | Noticed a green ugly thing
  9696 | D:11     | Noticed a cyclops
  9723 | D:11     | HP: 4/92 [troll (7)]
  9723 | D:11     | HP: 1/92 [troll (3)]
  9723 | D:11     | Mangled by a troll

Illustrated notes

Levels and vault maps discovered:
D:1:      moated_graveyard_arrival, layout_rooms,
          chequers_ecumenical_altar_simple, serial_rivers,
          chequers_serial_rivers_micro_c, chequers_serial_rivers_small_3,
          chequers_serial_rivers_marsh, chequers_serial_rivers_marsh,
          chequers_serial_rivers_large_b, serial_bayou_lagoon_a,
          kennysheep_crisscross, hangedman_decor_push
D:2:      layout_loops_ring, uniq_crazy_yiuf_cottage
D:3:      layout_rooms, serial_undead, serial_undead_c, serial_undead_c,
          serial_undead_b, serial_undead_b, serial_undead_e, minmay_puff
D:4:      layout_loops_corners, minmay_temple_entry_poolview,
          minmay_goblin_outpost, uniq_blork_the_orc, uniq_edmund
D:5:      layout_rooms, tgw_kikubaaqudgha, mainiacjoe_overflow_boulevard,
          mainiacjoe_overflow_paths, enter_ossuary_2, uniq_sigmund,
          uniq_eustachio, uniq_grinder
D:6:      minmay_klotski, layout_basic, nzn_hepliaklqana_mist_gate,
          serial_demonic, serial_demonic_g, serial_demonic_c, serial_demonic_d,
          serial_demonic_a, serial_demonic_e, st_stairs_10, uniq_menkaure
D:7:      layout_cave_pods, ashenzari_altar_1, serial_shops,
          nicolae_shop_statue_plus
D:8:      layout_basic, kennysheep_mini, nicolae_wu_jian_immortal_techniques,
          nicolae_overflow_squiral, hangedman_decor_diamond_cutter
D:9:      layout_basic, nicolae_dithmenos_shadow_blocks
D:10:     layout_roguey, fedhas_bush_and_centaur_altar, general_overflow_altar,
          demons_altar
D:11:     layout_cave_pods, dpeg_lair_monsters, minivault_28, uniq_josephine,
          uniq_psyche
Temple:   hellmonk_temple_beads

Skill      XL: |  1  2  3  4  5  6  7  8  9 10 |
---------------+-------------------------------+-----
Throwing       | 2 3 4 |  4.7
Dodging        | 3 4 5 |  5.2
Unarmed Combat | 4 5 6 |  6.3
Fighting       | 2 3 4 |  4.0
Armour         | 1 2 3 |  3.5
Stealth        | 1 2 |  2.4
Axes           | 1 2 3 |  3.5
Staves         | 2 3 4 5 |  5.4
Transmutations | 1 2 |  2.4
Poison Magic   | 1 2 |  2.2
Evocations     | 1 2 |  2.5
Spellcasting   | 1 2 |  2.3
Summonings     | 1 2 |  2.4
Hexes          | 1 |  1.7

Action                   |  1- 3 |  4- 6 |  7- 9 | 10-12 || total
-------------------------+-------+-------+-------+-------++-------
Melee: Unarmed           |    45 |     8 |    21 |       ||    74
       Punch             |     1 |       |       |       ||     1
       Battleaxe         |       |    62 |       |       ||    62
       Quarterstaff      |       |    33 |   223 |    81 ||   337
Throw: Throwing net      |     5 |     2 |       |       ||     7
       Large rock        |       |     2 |     3 |     1 ||     6
       Dart              |       |       |    23 |     2 ||    25
       Boomerang         |       |       |    41 |    13 ||    54
 Cast: Spider Form       |       |       |     6 |       ||     6
       Summon Guardian G |       |       |       |     2 ||     2
Evoke: Wand              |       |       |    10 |     7 ||    17
  Use: Scroll            |     4 |     4 |    14 |     8 ||    30
       Potion            |       |       |     1 |     1 ||     2
 Stab: Held in net/web   |     2 |       |       |       ||     2
       Sleeping          |       |     1 |       |     1 ||     2
       Distracted        |       |       |     1 |       ||     1
Armor: Robe              |    12 |    54 |   160 |    28 ||   254
       Skin              |       |       |     2 |       ||     2
Dodge: Dodged            |    24 |    85 |   231 |    57 ||   397
